 Dungeon Crawl Stone Soup version 0.29-a0-919-gd064cfad1c (webtiles) character file.

Game seed: 16022134512899868658

287 mathmaestro the Grave Robber (level 6, 0/47 HPs)
             Began as a Demonspawn Necromancer on July 26, 2022.
             Slain by a bog mummy (16 damage)
             ... in an ossuary.
             The game lasted 00:08:23 (3489 turns).

mathmaestro the Grave Robber (DsNe)                 Turns: 3489, Time: 00:08:24

Health: 0/47       AC:  4    Str:  8    XL:     6   Next: 8%
Magic:  20/20      EV: 13    Int: 18    God:
Gold:   274        SH:  0    Dex: 14    Spells: 8/12 levels left

rFire   . . .      SeeInvis +   c - +0 dagger
rCold   . . .      Faith    .   (no shield)
rNeg    . . .      Spirit   .   v - +0 leather armour
rPois   .          Reflect  .   (no helmet)
rElec   .          Harm     .   (no cloak)
rCorr   .          Rampage  .   (no gloves)
Will    .....                   j - +0 pair of boots
Stlth   +.........              (no amulet)
HPRegen 0.15/turn               r - ring of magical power
MPRegen 0.17/turn               s - ring of see invisible

@: confused, ambrosia-drunk, slowed, very slow
A: repulsion field 1, powered by death 1
a: no special abilities


You were in an ossuary.
You visited 1 branch of the dungeon, and saw 4 of its levels.
You also visited: Ossuary.

You collected 274 gold pieces.

Inventory:

Hand Weapons
 c - a +0 dagger (weapon)
Armour
 j - a +0 pair of boots (worn)
 v - a +0 leather armour (worn)
Jewellery
 r - a ring of magical power (left hand)
 s - a ring of see invisible (right hand)
Wands
 q - a wand of flame (10)
Scrolls
 e - 3 scrolls of identify
 l - a scroll of summoning
 m - a scroll of enchant armour {unknown}
 p - a scroll of torment {unknown}
 t - a scroll of poison {unknown}
 u - a scroll of vulnerability {unknown}
 x - a scroll of immolation {unknown}
Potions
 a - a potion of lignification {unknown}
 b - a potion of magic
 f - a potion of attraction {unknown}
 g - a potion of flight {unknown}
 h - a potion of curing {unknown}
 i - a potion of might {unknown}
 k - a potion of mutation {unknown}
 n - a potion of ambrosia
 o - 2 potions of haste {unknown}
 w - a potion of degeneration {unknown}


   Skills:
 + Level 3.1 Fighting
 + Level 0.3 Armour
 - Level 2.0 Dodging
 - Level 2.0 Stealth
 + Level 3.7 Spellcasting
 + Level 5.7 Necromancy


You had 8 spell levels left.
You knew the following spells:

 Your Spells              Type           Power      Damage    Failure   Level
a - Necrotise             Necr           96%        1d8       1%          1
b - Vampiric Draining     Necr           24%        2d7       6%          3

Your spell library contained the following spells:

 Spells                   Type           Power      Damage    Failure   Level
 Animate Dead             Necr           24%        N/A       21%         4
 Agony                    Necr           24%        N/A       50%         5


Dungeon Overview and Level Annotations

Branches:
Dungeon (4/15)            Ossuary (1/1)
 Temple: D:4-7

Altars:
Dithmenos


Innate Abilities, Weirdness & Mutations

You are surrounded by a mild repulsion field. (EV +2)
You regenerate a little health from kills.


Message History

You feel yourself slow down.
You hit the bog mummy but do no damage.
The bog mummy is heavily damaged.
Something closely misses your bullfrog zombie.
Your bullfrog zombie hits the bog mummy but does no damage.
Something hits your bullfrog zombie.
Your iguana zombie bites the bog mummy.
Your bullfrog zombie hits the bog mummy.
The bog mummy hits your iguana zombie! Something hits your bullfrog zombie!
You hit the bog mummy but do no damage.
The bog mummy is heavily damaged.
Something hits your bullfrog zombie!
Your bullfrog zombie barely misses the killer bee zombie.
Something barely misses your bullfrog zombie.
Your iguana zombie bites the bog mummy!
The bog mummy is destroyed!
Something hits your bullfrog zombie!
A bullfrog zombie comes into view.
The killer bee zombie hits you but does no damage.
The bog mummy hits you!
* * * LOW HITPOINT WARNING * * *
You have reached level 6!
It was a potion of ambrosia.
You are confused.
You feel invigorated.
A killer bee zombie comes into view.
Your bullfrog zombie barely misses the bog mummy.
The killer bee zombie misses you.
The bullfrog zombie hits your bullfrog zombie.
A hornet zombie comes into view.
Your bullfrog zombie hits the bog mummy but does no damage.
The killer bee zombie barely misses you.
The bullfrog zombie hits your bullfrog zombie.
Your bullfrog zombie is destroyed!
Your bullfrog zombie dissolves into shadows!
Your iguana zombie barely misses the bog mummy.
Unknown command.
The killer bee zombie barely misses you.
The killer bee zombie closely misses you.
The killer bee zombie hits you. The bog mummy hits you!
You die... ##### #∩..# #.@Z# #ZMZ#

P#
#+##'##Z##≈≈#≈≈
≈Z....≈Z≈≈≈..#
.≈.#≈≈.#≈#.≈##
#P#. .# #≈#
#### ≈≈ ≈# ≈##
≈≈


You could see a bog mummy, a bullfrog zombie, 2 killer bee zombies, a hornet
zombie and a friendly iguana zombie (summoned).

Vanquished Creatures
  Sigmund (D:2)
  An adder (D:2)
  An ufetubus (D:4)
  An adder zombie (D:4)
  5 dart slugs (D:1)
  An orc (D:3)
  5 endoplasms
  3 giant cockroaches
  10 goblins
  8 hobgoblins
  4 jackals (D:1)
  3 quokkas
  3 ball pythons
  7 bats
  2 frilled lizards
  5 kobolds
  4 rats
64 creatures vanquished.

Vanquished Creatures (collateral kills)
  A mummy (Ossuary)
  A dart slug (D:1)
2 creatures vanquished.

Vanquished Creatures (others)
  A withered plant (Ossuary)
1 creature vanquished.

Grand Total: 67 creatures vanquished

Notes
Turn   | Place    | Note
-------+----------+-------------------------------------------
     0 | D:1      | mathmaestro the Demonspawn Necromancer began the quest for
                  | the Orb.
     0 | D:1      | Reached XP level 1. HP: 13/13 MP: 3/3
   149 | D:1      | Gained mutation: You are surrounded by a mild repulsion
                  | field. (EV +2) [demonic ancestry]
   149 | D:1      | Reached XP level 2. HP: 14/20 MP: 0/5
   558 | D:1      | Found a faded altar of an unknown god.
   570 | D:1      | Reached skill level 1 in Fighting
   860 | D:1      | Reached XP level 3. HP: 26/26 MP: 3/6
   864 | D:1      | Learned a level 3 spell: Vampiric Draining
  1991 | D:2      | Noticed Sigmund
  2004 | D:2      | Killed Sigmund
  2005 | D:2      | Reached skill level 5 in Necromancy
  2005 | D:2      | Reached XP level 4. HP: 32/34 MP: 7/9
  2005 | D:2      | Gained mutation: You regenerate a little health from kills.
                  | [demonic ancestry]
  2005 | D:2      | Reached XP level 5. HP: 37/40 MP: 7/10
  2691 | D:3      | Found a shadowy altar of Dithmenos.
  3428 | D:4      | Noticed a phantom
  3463 | D:4      | Found a sand-covered staircase.
  3467 | Ossuary  | Entered an ossuary
  3488 | Ossuary  | Reached XP level 6. HP: 5/47 MP: 11/11
  3489 | Ossuary  | Slain by a bog mummy

Illustrated notes

Levels and vault maps discovered:
D:1:      amcnicky_arrival_feature_with_door, layout_basic,
          shapermc_ecumenical_altar_venn
D:2:      layout_basic, grunt_ministairs_15, uniq_sigmund
D:3:      layout_rooms, mainiacjoe_overflow_paths, nicolae_hexahallways,
          lemuel_old_faithful
D:4:      minmay_general_purpose_star, layout_loops_ring, serial_undead,
          serial_undead_c, serial_undead_c, serial_undead_a, serial_undead_b,
          serial_undead_d, nicolae_ossuary_entry_false_entrances
Ossuary:  ossuary_zaba_flooded

Skill      XL: |  1  2  3  4  5 |
---------------+----------------+-----
Stealth        | 2 |  2.0
Dodging        | 2 |  2.0
Fighting       | 1 2 3 |  3.1
Spellcasting   | 3 |  3.7
Necromancy     | 5 |  5.7
Armour         | |  0.3

Action                   |  1- 3 |  4- 6 || total
-------------------------+-------+-------++-------
Melee: Unarmed           |     6 |       ||     6
       Dagger            |    16 |    58 ||    74
       Punch             |     1 |       ||     1
 Cast: Necrotise         |    65 |    34 ||    99
       Vampiric Draining |     2 |       ||     2
  Use: Scroll            |       |     3 ||     3
       Potion            |       |     1 ||     1
 Stab: Sleeping          |     1 |       ||     1
Armor: Robe              |     6 |     1 ||     7
       Leather armour    |       |    20 ||    20
Dodge: Dodged            |    24 |    59 ||    83

Table legend: (Time is in decaauts)
 A = Elapsed time spent in this place.
 B = Non-inter-level travel time spent in this place.
 C = Inter-level travel time spent in this place.
 D = Time resting spent in this place.
 E = Time spent auto-exploring this place.
 F = Levels seen in this place.
 G = Mean time per level.
                   A        B        C        D        E       F      G
               +--------+--------+--------+--------+--------+-----+--------+
         Total |   3489 |   3406 |     83 |    218 |   2572 |   5 |  697.8 |
       Dungeon |   3464 |   3381 |     83 |    218 |   2572 |   4 |  866.0 |
       Ossuary |     24 |     24 |      0 |      0 |      0 |   1 |   24.0 |
               +--------+--------+--------+--------+--------+-----+--------+

Top non-repeatable levels by time:
     D:1: 1547 daAuts
     D:2: 953 daAuts
     D:3: 820 daAuts
     D:4: 143 daAuts
 Ossuary: 24 daAuts
